 Dungeon Crawl Stone Soup version 0.27.1 (webtiles) character file.

Game seed: 6981992718384559962

1043 shadowrider38 the Cleaver (level 8, -21/64 HPs)
             Began as a Hill Orc Monk on Aug 21, 2021.
             Was a Priest of Beogh.
             Killed from afar by Maggie (29 damage)
             ... with a bolt of fire
             ... on level 6 of the Dungeon.
             The game lasted 00:15:23 (5735 turns).

shadowrider38 the Cleaver (Hill Orc Monk)           Turns: 5735, Time: 00:15:23

Health: -21/64     AC:  9    Str: 16    XL:     8   Next: 25%
Magic:  17/17      EV:  7    Int: 10    God:    Beogh [***...]
Gold:   299        SH:  0    Dex: 13    Spells: 7/7 levels left

rFire    . . .     SeeInvis .   a - +2 war axe (vorpal)
rCold    . . .     Faith    .   (no shield)
rNeg     . . .     Spirit   .   D - +0 chain mail
rPois    .         Reflect  .   v - +0 helmet
rElec    .         Harm     .   (no cloak)
rCorr    .         Rampage  .   (no gloves)
Will     .....                  (no boots)
Stlth    ..........             m - amulet of regeneration
HPRegen  1.20/turn              y - ring of magical power
MPRegen  0.15/turn              (no ring)

@: no status effects
A: no striking features
a: Renounce Religion, Smiting


You were on level 6 of the Dungeon.
You worshipped Beogh.
Beogh was most pleased with you.
You visited 1 branch of the dungeon, and saw 6 of its levels.
You also visited: Sewer.

You collected 299 gold pieces.

Inventory:

Hand Weapons
 a - a +2 vorpal war axe (weapon)
Missiles
 b - 17 poisoned darts (quivered)
 g - 120 stones
 C - 4 boomerangs
Armour
 v - a +0 helmet (worn)
 D - a +0 chain mail (worn)
Jewellery
 c - an amulet of magic regeneration
 m - an amulet of regeneration (around neck)
 y - a ring of magical power (left hand)
Wands
 l - a wand of iceblast (9)
Scrolls
 e - a scroll of acquirement {unknown}
 h - 2 scrolls of enchant weapon {unknown}
 j - 2 scrolls of fear {unknown}
 k - a scroll of immolation {unknown}
 o - a scroll of silence {unknown}
 p - 2 scrolls of enchant armour {unknown}
 q - 6 scrolls of identify {unknown}
 u - a scroll of holy word {unknown}
 w - a scroll of amnesia {unknown}
Potions
 d - a potion of cancellation {unknown}
 f - 3 potions of heal wounds {unknown}
 i - a potion of brilliance {unknown}
 n - a potion of lignification {unknown}
 r - a potion of degeneration {unknown}
 s - a potion of magic {unknown}
 t - 2 potions of haste {unknown}
 x - 2 potions of curing {unknown}
 z - a potion of berserk rage {unknown}
 A - 3 potions of ambrosia {unknown}
 B - a potion of might
 E - a potion of mutation {unknown}


   Skills:
 - Level 3.6 Fighting
 + Level 12.4 Axes
 - Level 2.4 Dodging
 - Level 1.5 Stealth


You had 7 spell levels left.
You didn't know any spells.
Your spell library contained the following spells:

 Spells                   Type           Power      Damage    Failure   Level
 Corpse Rot               Necr/Air       N/A        N/A       100%        2
 Poisonous Vapours        Pois/Air       0%         N/A       100%        2
 Ozocubu's Armour         Ice            0%         N/A       100%        3
 Freezing Cloud           Conj/Ice/Air   0%         6-21      100%        5
 Ozocubu's Refrigeration  Ice            0%         4d5       100%        7


Dungeon Overview and Level Annotations

Branches:
Dungeon (6/15)              Sewer (visited)
 Temple: D:4-7

Altars:
Ashenzari
Gozag
Hepliaklqana
Makhleb
Trog
Vehumet
Xom
Zin

Shops:
D:1 :

Annotations:
D:6 Maggie


Message History

Beogh accepts your kill. The howler monkey hits you. x2
You slash the howler monkey!
You kill the howler monkey!
Beogh accepts your kill.
Nordag looks more experienced.
Maggie mumbles some strange words.
Maggie attempts to bespell you! You resist with almost no effort.
You swap places.
Nordag looks satisfied for a moment.
Maggie hits you with a +2 vorpal war axe!
Maggie barely misses your orc.
You hit Maggie.
Maggie is lightly wounded.
You hit Maggie.
Maggie is lightly wounded.
Your orc barely misses Maggie.
Maggie closely misses you. Maggie completely misses your orc.
You closely miss Maggie.
Maggie is lightly wounded.
Maggie hits you with a +2 vorpal war axe!
Maggie hits your orc with a +2 vorpal war axe!
Your orc dies!
An adder comes into view.
You barely miss Maggie.
Maggie is lightly wounded.
Maggie misses you. Maggie barely misses your orc wizard.
Nordag mumbles some strange prayers to Beogh against Maggie.
Maggie is smitten.
You hit Maggie.
Maggie is heavily wounded.
Maggie hits you with a +2 vorpal war axe!
* * * LOW HITPOINT WARNING * * *
x2 Maggie hits your orc wizard with a +2 vorpal war axe!
Your orc wizard hits Maggie with a +0 dagger.
You closely miss Maggie.
Maggie is heavily wounded.
Maggie gestures at you while chanting. The bolt of fire hits you!!
You die...

...............o##.....##
...##.####+##...####+####
...##+# #.##..o##......#
....# +..............#
....# #..........[...#
....# #......##o....##
....# #########.....##
#......##o.....#
#.....@@ooo...##
......oo.oS...#
.......##.....# .......
####'## ....... ..#
....... ..# ....... .'
#######


You could see Maggie (ally target), an adder, the friendly Nordag the orc
priest, a friendly orc wizard and 5 friendly orcs.

Vanquished Creatures
  A black bear (D:5)
  A necrophage (D:5)
  A bullfrog (Sewer)
  A scorpion (D:5)
  2 killer bees (D:6)
  A howler monkey (D:6)
  An orc priest (D:4)
  3 iguanas
  A jelly (D:6)
  An orc wizard (D:4)
  A scorpion zombie (D:5)
  A gnoll (D:3)
  2 adders
  An adder skeleton (D:4)
  5 dart slugs
  12 orcs
  4 bats
  20 endoplasms
  16 giant cockroaches
  6 goblins
  9 hobgoblins
  8 kobolds
  13 quokkas
  20 ball pythons
  A ball python skeleton (D:3)
  9 frilled lizards
  6 rats
147 creatures vanquished.

Vanquished Creatures (collateral kills)
  Menkaure (D:6)
  Duvessa (D:6)
  Blork the orc (D:5)
  Dowan (D:6)
  2 killer bees (D:6)
  An orc priest (D:5)
  An iguana (D:5)
  A killer bee zombie (D:6)
  An adder (Sewer)
  2 orcs
  A ball python (Sewer)
  2 quokkas (Sewer)
15 creatures vanquished.

Vanquished Creatures (others)
  An orc priest (D:6)
  An orc wizard (D:6)
  4 orcs
  2 plants (D:3)
8 creatures vanquished.

Grand Total: 170 creatures vanquished

Notes
Turn   | Place    | Note
-------+----------+-------------------------------------------
     0 | D:1      | shadowrider38 the Hill Orc Monk began the quest for the
                  | Orb.
     0 | D:1      | Reached XP level 1. HP: 19/19 MP: 1/1
   235 | D:1      | Reached XP level 2. HP: 12/26 MP: 2/2
   247 | D:1      | Reached skill level 5 in Axes
   741 | D:1      | Found Yquoton's Book Boutique.
  1122 | D:1      | Reached XP level 3. HP: 31/31 MP: 3/3
  1795 | D:2      | Reached skill level 6 in Axes
  2277 | D:3      | Found a hazy altar of Hepliaklqana.
  2279 | D:3      | Found a shimmering altar of Xom.
  2279 | D:3      | Found a glowing silver altar of Zin.
  2310 | D:3      | Reached XP level 4. HP: 39/39 MP: 4/4
  2411 | D:3      | Found a burning altar of Makhleb.
  2730 | D:3      | Found a radiant altar of Vehumet.
  3059 | D:3      | Found a faded altar of an unknown god.
  3210 | D:4      | Became a worshipper of Beogh the Brigand
  3210 | D:4      | Reached * piety under Beogh
  3210 | D:4      | Reached ** piety under Beogh
  3231 | D:4      | Reached skill level 7 in Axes
  3238 | D:4      | Reached XP level 5. HP: 31/45 MP: 5/5
  3401 | D:3      | Reached skill level 8 in Axes
  3513 | D:4      | Found a bloodstained altar of Trog.
  3513 | D:4      | Found an opulent altar of Gozag.
  3514 | D:4      | Found a broken altar of Ashenzari.
  3673 | D:4      | Reached XP level 6. HP: 41/51 MP: 6/6
  3789 | D:5      | Entered Level 5 of the Dungeon
  3901 | D:5      | Found a glowing drain.
  3919 | Sewer    | Entered a sewer
  4274 | Sewer    | Reached *** piety under Beogh
  4347 | Sewer    | Reached skill level 9 in Axes
  4406 | Sewer    | Gained Nordag as an ally
  4632 | D:5      | Reached skill level 10 in Axes
  4632 | D:5      | Reached XP level 7. HP: 57/57 MP: 7/7
  4655 | D:5      | Noticed Blork the orc
  4662 | D:5      | Killed Blork the orc
  4933 | D:5      | Reached **** piety under Beogh
  5123 | D:5      | Reached skill level 11 in Axes
  5582 | D:6      | Noticed Menkaure
  5585 | D:6      | Noticed Duvessa
  5587 | D:6      | Noticed Dowan
  5589 | D:6      | Killed Menkaure
  5590 | D:6      | Reached XP level 8. HP: 33/64 MP: 8/8
  5592 | D:6      | Killed Duvessa
  5593 | D:6      | Reached skill level 12 in Axes
  5596 | D:6      | Killed Dowan
  5722 | D:6      | Noticed Maggie
  5735 | D:6      | Killed from afar by Maggie

Illustrated notes

Levels and vault maps discovered:
D:1:      dpeg_arrival_water_fire, layout_loops_ring, serial_shops,
          nicolae_shop_trees
D:2:      layout_rooms, chequers_serial_rivers_small_a
D:3:      layout_rooms, nicolae_vehumet_radiance, old_standard_altar,
          gammafunk_temple_overflow_forgotten,
          dilly_ecumenical_altar_fadedgnrine, chequers_serial_rivers_micro_a,
          minmay_ruptured
D:4:      layout_cave_pools, gammafunk_temple_overflow_claw
D:5:      layout_basic, portal_sewer_entry_f, uniq_blork_the_orc
D:6:      layout_gridville, uniq_maggie, uniq_grinder, uniq_duvessa,
          uniq_menkaure

Skill      XL: |  1  2  3  4  5  6  7  8 |
---------------+-------------------------+-----
Axes           | 5 6 7 8 10 11 12 | 12.4
Fighting       | |  3.6
Dodging        | |  2.4
Stealth        | |  1.5

Action                   |  1- 3 |  4- 6 |  7- 9 || total
-------------------------+-------+-------+-------++-------
Melee: Hand axe          |    95 |       |       ||    95
       War axe           |    27 |   259 |    52 ||   338
Throw: Dart              |       |       |     2 ||     2
Invok: Convert to Beogh  |       |     1 |       ||     1
       Smiting           |       |       |     2 ||     2
 Stab: Sleeping          |     1 |       |       ||     1
       Distracted        |       |       |     1 ||     1
Armor: Robe              |    17 |       |       ||    17
       Scale mail        |    14 |    36 |       ||    50
       Chain mail        |       |    74 |    24 ||    98
Dodge: Dodged            |    63 |   101 |    21 ||   185
